 Dungeon Crawl Stone Soup version 0.28.0-43-g3370ac3207 (webtiles) character file.

Game seed: 14665107104550324351

110 experimilk the Grasshopper (level 4, -1/35 HPs)
             Began as a Palentonga Warper on Mar 19, 2022.
             Slain by a gnoll shaman
             ... wielding a +0 whip
              (8 damage)
             ... on level 3 of the Dungeon.
             The game lasted 00:08:38 (3361 turns).

experimilk the Grasshopper (Palentonga Warper)      Turns: 3361, Time: 00:08:38

Health: -1/35      AC:  5    Str: 16    XL:     4   Next: 61%
Magic:  2/7        EV:  9    Int: 13    God:
Gold:   105        SH:  0    Dex: 10    Spells: 2/7 levels left

rFire   . . .      SeeInvis +   a - +0 hand axe
rCold   . . .      Faith    .   (no shield)
rNeg    . . .      Spirit   .   b - +0 leather armour
rPois   .          Reflect  .   h - +0 helmet
rElec   .          Harm     .   (no cloak)
rCorr   .          Rampage  .   (no gloves)
Will    .....                   (no barding)
Stlth   +.........              (no amulet)
HPRegen 0.11/turn               (no ring)
MPRegen 0.10/turn               (no ring)

@: no status effects
A: large, rugged brown scales 3, see invisible, deformed body, roll 1, armoured
tail
a: Rolling Charge


You were on level 3 of the Dungeon.
You visited 1 branch of the dungeon, and saw 3 of its levels.

You collected 105 gold pieces.

Inventory:

Hand Weapons
 a - a +0 hand axe (weapon)
Missiles
 d - 4 boomerangs of dispersal (quivered)
Armour
 b - a +0 leather armour (worn)
 h - a +0 helmet (worn)
Scrolls
 c - a scroll of blinking
 j - 2 scrolls of teleportation {unknown}
 l - a scroll of silence {unknown}
Potions
 e - a potion of brilliance
 f - a potion of ambrosia
 i - a potion of haste {unknown}
 k - a potion of curing {unknown}


   Skills:
 - Level 2.0 Fighting
 * Level 3.7 Axes
 - Level 0.6 Throwing
 - Level 0.7 Armour
 - Level 1.5 Dodging
 - Level 2.0 Spellcasting
 * Level 4.3 Translocations


You had 2 spell levels left.
You knew the following spells:

 Your Spells              Type           Power      Damage    Failure   Level
a - Blink                 Tloc           24%        N/A       8%          2
b - Gell's Gravitas       Tloc           12%        N/A       16%         3

Your spell library contained the following spells:

 Spells                   Type           Power      Damage    Failure   Level
 Lesser Beckoning         Tloc           12%        N/A       16%         3
 Teleport Other           Tloc           12%        N/A       16%         3
 Passage of Golubria      Tloc           12%        N/A       45%         4
 Tukima's Dance           Hex            1%         N/A       67%         3
 Manifold Assault         Tloc           12%        N/A       82%         5
 Yara's Violent Unravell  Hex/Tmut       0%         3d3       100%        5


Dungeon Overview and Level Annotations

Branches:
Dungeon (3/15)

Altars:


Innate Abilities, Weirdness & Mutations

You are completely covered in rugged brown scales. (AC +3, +7% HP)
You have supernaturally acute eyesight. (SInv)
Armour fits poorly on your strangely shaped body.
You can roll at nearby foes to attack.
You have a long armoured tail.


Message History

The gnoll is moderately wounded.
The gnoll collides with the gnoll!
The gnoll is severely wounded.
The gnoll is moderately wounded.
The gnoll misses you.
The gnoll shaman calls upon its god to heal the gnoll.
The gnoll's wounds heal themselves!
The gnoll barely misses you.
You hit the gnoll.
The gnoll is severely wounded.
You hit the gnoll.
You kill the gnoll!
An endoplasm comes into view.
The gnoll closely misses you.
The gnoll hits you from afar with a +0 spear!
The endoplasm quivers.
You slash the gnoll!
You kill the gnoll!
You hit the gnoll shaman but do no damage.
The gnoll shaman barely misses you. The gnoll hits you but does no damage.
You hit the gnoll shaman. You tail-slap the gnoll shaman.
The gnoll shaman is moderately wounded.
The gnoll shaman hits you but does no damage.
The gnoll hits you from afar with a +0 spear.
* * * LOW HITPOINT WARNING * * *
Blink to where?
Press: ? - help, Dir - move target
As you read the scroll of blinking, it crumbles to dust.
You see here an adder skeleton.
The gnoll throws a throwing net.
The throwing net barely misses you.
Throw: 5 boomerangs (disperse)
Press: ? - help, Q - select action, (/) - cycle Shift-Dir - straight line, f - gnoll shaman
Aim: a gnoll shaman, wielding a +0 whip and wearing a +0 leather armour (moderately wounded, 60% to hit)
You throw a boomerang of dispersal.
The boomerang of dispersal hits the gnoll shaman.
The gnoll shaman blinks!
The gnoll shaman is heavily wounded.
The gnoll zaps a wand.
The puff of flame hits you.
* * * LOW HITPOINT WARNING * * *
The gnoll shaman hits you with a +0 whip!
You die...

######### ###
#.......###### ##.#
#.#####.....(#
####.#.# #.#
#......####.#.###.#
#.#####..g@........##
#.##
#.##.ยงรท......##...##
##..
#.##.##....).###...##
##.## #.##.##.##.###
##.#.###.##
#....Jg.#### #.##.#.##
####.#### #.###.## #g#
#+# ### #....))g.....
#.###........


You could see a gnoll shaman, a gnoll and an endoplasm.

Vanquished Creatures
  Jessica (D:3)
  2 gnolls (D:3)
  2 adders (D:3)
  2 dart slugs
  An orc (D:3)
  6 bats
  3 endoplasms
  3 giant cockroaches
  4 hobgoblins
  5 ball pythons
  3 frilled lizards
  6 goblins
  4 kobolds
  A rat (D:2)
43 creatures vanquished.

Vanquished Creatures (others)
  13 plants (D:3)
13 creatures vanquished.

Grand Total: 56 creatures vanquished

Notes
Turn   | Place    | Note
-------+----------+-------------------------------------------
     0 | D:1      | experimilk the Palentonga Warper began the quest for the
                  | Orb.
     0 | D:1      | Reached XP level 1. HP: 17/17 MP: 3/3
     2 | D:1      | Noticed a naga
     2 | D:1      | Noticed a demonspawn
     4 | D:1      | Noticed a felid
     4 | D:1      | Noticed a human
     8 | D:1      | Noticed a vine stalker
     8 | D:1      | Noticed a dwarf
    10 | D:1      | Noticed a tengu
    12 | D:1      | Noticed an octopode
    12 | D:1      | Noticed a demigod
    14 | D:1      | Noticed a ghoul
    14 | D:1      | Noticed a formicid
    16 | D:1      | Noticed a vampire
    16 | D:1      | Noticed a gargoyle
    18 | D:1      | Noticed a troll
    18 | D:1      | Noticed a spriggan
    20 | D:1      | Noticed an elf
    20 | D:1      | Noticed a merfolk
    22 | D:1      | Noticed an ogre
    24 | D:1      | Noticed a draconian
    26 | D:1      | Noticed a minotaur
   366 | D:1      | Found a faded altar of an unknown god.
   743 | D:1      | Reached XP level 2. HP: 19/23 MP: 5/5
  1092 | D:1      | Learned a level 2 spell: Blink
  2038 | D:2      | Reached XP level 3. HP: 26/28 MP: 6/6
  2120 | D:2      | Learned a level 3 spell: Gell's Gravitas
  2845 | D:3      | Noticed Jessica
  2854 | D:3      | Killed Jessica
  2855 | D:3      | Reached skill level 4 in Translocations
  2922 | D:3      | Reached XP level 4. HP: 28/35 MP: 4/7
  3361 | D:3      | Slain by a gnoll shaman

Illustrated notes

Levels and vault maps discovered:
D:1:      kb_arrival_jail, layout_loops_ring, basic_ecumenical_altar,
          chequers_serial_rivers_room_b, hangedman_decor_diamond_cutter
D:2:      layout_loops_ring, minmay_quadrilaterals
D:3:      layout_loops_corners, pdpol_temple_overflow_zin_treasury_gozag_greed,
          chequers_serial_rivers_micro_e, st_stairs_10, nicolae_grassy_gnolls,
          uniq_jessica

Skill      XL: |  1  2  3 |
---------------+----------+-----
Axes           | 3 |  3.7
Translocations | 4 |  4.3
Fighting       | |  2.0
Throwing       | |  0.6
Armour         | |  0.7
Dodging        | |  1.5
Spellcasting   | |  2.0

Action                   |  1- 3 |  4- 6 || total
-------------------------+-------+-------++-------
Melee: Hand axe          |   107 |    20 ||   127
       Tailslap          |    11 |     1 ||    12
       Punch             |     1 |     1 ||     2
Throw: Boomerang         |       |     1 ||     1
 Cast: Blink             |     3 |     1 ||     4
       Gell's Gravitas   |       |     2 ||     2
 Abil: Rolling Charge    |    17 |     5 ||    22
  Use: Scroll            |       |     3 ||     3
Armor: Leather armour    |    52 |    11 ||    63
Dodge: Dodged            |    53 |     8 ||    61
